 Dungeon Crawl Stone Soup version 0.31-a0-940-gdaa99269f9 (webtiles) character file.

Game seed: 13034972258008231994

19 MachoJfn the Caller (level 2, 0/15 HPs)
             Began as a Kobold Summoner on Oct 20, 2023.
             Slain by a worm (10 damage)
             ... on level 2 of the Dungeon.
             The game lasted 00:02:24 (1439 turns).

MachoJfn the Caller (Kobold Summoner)               Turns: 1439, Time: 00:02:24

Health: 0/15       AC:  5    Str:  5    XL:     2   Next: 95%
Magic:  1/5        EV: 15    Int: 16    God:
Gold:   47         SH:  0    Dex: 15    Spells: 4/5 levels left

rFire   + . .        (weapon restricted)
rCold   . . .        (no shield)
rNeg    . . .        a - +0 robe
rPois   .            i - +0 helmet
rElec   .            (no cloak)
rCorr   .            c - +1 pair of gloves
SInv    .            (no boots)
Will    .....        (no amulet)
Stlth   +++          g - ring of protection from fire
HPRegen 0.22/turn    (no ring)
MPRegen 0.09/turn

%: no passive effects
@: no status effects
A: small, no large weapons, nightstalker 3
a: no special abilities


You were on level 2 of the Dungeon.
You visited 1 branch of the dungeon, and saw 2 of its levels.

You collected 47 gold pieces.

Inventory:

Missiles
 d - 6 stones
Armour
 a - a +0 robe (worn)
 c - a +1 pair of gloves (worn)
 i - a +0 helmet (worn)
Jewellery
 g - a ring of protection from fire (left hand)
 h - a ring of fire
Scrolls
 e - a scroll of immolation {unknown}
Potions
 b - a potion of magic
 f - a potion of heal wounds {unknown}
 j - a potion of brilliance {unknown}


   Skills:
 + Level 2.5 Dodging
 + Level 2.8 Stealth
 + Level 2.3 Spellcasting
 + Level 4.5 Summonings


You had 4 spell levels left.
You knew the following spells:

 Your Spells              Type           Power      Damage    Failure   Level
a - Summon Small Mammal   Summ           64%        N/A       3%          1

Your spell library contained the following spells:

 Spells                   Type           Power      Damage    Failure   Level
 Call Imp                 Summ           32%        N/A       4%          2
 Call Canine Familiar     Summ           16%        N/A       10%         3
 Summon Guardian Golem    Hex/Summ       9%         N/A       24%         3
 Summon Lightning Spire   Summ/Air       9%         N/A       61%         4


Dungeon Overview and Level Annotations

Branches:
Dungeon (2/15)

Altars:


Innate Abilities, Weirdness & Mutations

You are small and have problems with some larger weapons.
You are completely attuned to the shadows.


Message History

The ball python bites you but does no damage.
The ball python completely misses you.
Your rat closely misses the hobgoblin.
The ball python attacks as it pursues you!
The ball python barely misses you. The ball python closely misses you.
The hobgoblin hits your rat. The worm bites your rat!
Your rat dies!
Your rat's corpse disappears in a puff of smoke!
Your rat bites the hobgoblin.
The hobgoblin dies!
The ball python barely misses you. x2
The ball python bites you. The ball python barely misses you.
Your rat bites the ball python.
The ball python bites you but does no damage.
The ball python completely misses you.
Your rat bites the ball python.
The ball python dies!
Casting: Summon Small Mammal (safe; 3% risk of failure)
Confirm with . or Enter, or press ? or * to list all spells.
Your rat barely misses the worm.
Your rat bites the worm. x2
The worm bites your rat.
Your rat dies!
Your rat's corpse disappears in a puff of smoke!
Your rat bites the worm.
Casting: Summon Small Mammal (safe; 3% risk of failure)
Confirm with . or Enter, or press ? or * to list all spells.
The worm closely misses you.
Your rat bites the worm.
Casting: Summon Small Mammal (safe; 3% risk of failure)
Confirm with . or Enter, or press ? or * to list all spells.
Your bat disappears in a puff of smoke!
Your rat bites the worm.
Casting: Summon Small Mammal (safe; 3% risk of failure)
Confirm with . or Enter, or press ? or * to list all spells.
You don't have enough magic to cast this spell.
Your bat closely misses the worm.
The worm bites you.
Your rat barely misses the worm.
Your rat bites the worm.
Your bat hits the worm.
Your bat hits the worm but does no damage.
The worm bites you!
Ouch! That really hurt!
You die...

....# .##
...# ..# .
#..# #.# ..
#..###r#...
#.<#@w†..$.
#..#....)..
#....b#+##$
#...#...#
#..##.###
#.. #.. #.
....


You could see a worm (ally target), a friendly bat (summoned) and a friendly rat
(summoned).

Vanquished Creatures (collateral kills)
  2 ball pythons
  2 bats (D:1)
  2 endoplasms (D:1)
  A goblin (D:1)
  5 hobgoblins
  A quokka (D:1)
  A frilled lizard (D:1)
  2 rats
16 creatures vanquished.

Notes
Turn   | Place    | Note
-------+----------+-------------------------------------------
     0 | D:1      | MachoJfn the Kobold Summoner began the quest for the Orb.
     0 | D:1      | Reached XP level 1. HP: 10/10 MP: 3/3
   330 | D:1      | Reached XP level 2. HP: 15/15 MP: 1/5
  1439 | D:2      | Slain by a worm

Illustrated notes

Levels and vault maps discovered:
D:1:      arrival_zaba_pyramid, layout_loops_corners
D:2:      layout_rooms, kennysheep_nondescript, kennysheep_pointless_box,
          serial_bayou_pond_c

Action                     || total
---------------------------++-------
  Melee: Unarmed           ||     1
   Cast: Summon Small Mamm ||    36
 Armour: Robe              ||    15
  Dodge: Dodged            ||    13

Table legend: (Time is in decaauts)
 A = Elapsed time spent in this place.
 B = Non-inter-level travel time spent in this place.
 C = Inter-level travel time spent in this place.
 D = Time resting spent in this place.
 E = Time spent auto-exploring this place.
 F = Levels seen in this place.
 G = Mean time per level.
                   A        B        C        D        E       F      G
               +--------+--------+--------+--------+--------+-----+--------+
         Total |   1437 |   1392 |     45 |      0 |   1175 |   2 |  718.5 |
       Dungeon |   1437 |   1392 |     45 |      0 |   1175 |   2 |  718.5 |
               +--------+--------+--------+--------+--------+-----+--------+

Top non-repeatable levels by time:
     D:1: 1386 daAuts
     D:2: 50 daAuts
